 Dungeon Crawl Stone Soup version 0.30-a0-222-ge547ba4400 (webtiles) character file.

Game seed: 17206408999915628994

4928 Bnni the Spear-Bearer (level 10, 0/80 HPs)
             Began as a Demonspawn Fighter on Oct 9, 2022.
             Was a Follower of Yredelemnul.
             Slain by an orc warrior
             ... wielding a +0 glaive
              (7 damage)
             ... in a bailey.
             The game lasted 00:20:33 (9054 turns).

Bnni the Spear-Bearer (Demonspawn Fighter)          Turns: 9054, Time: 00:20:34

Health: 0/80       AC: 10    Str: 21    XL:     10   Next: 27%
Magic:  16/16      EV:  7    Int: 10    God:    Yredelemnul [*.....]
Gold:   620        SH:  7    Dex: 12    Spells: 7/9 levels left

rFire   . . .      SeeInvis .    m - +4 hand axe (flame)
rCold   . . .      Faith    .    s - +2 buckler
rNeg    + . .      Spirit   .    n - +0 chain mail
rPois   .          Reflect  .    (no helmet)
rElec   .          Harm     .    (no cloak)
rCorr   .          Rampage  .    (no gloves)
Will    .....                    (no boots)
Stlth   ..........               (no amulet)
HPRegen 0.33/turn                r - ring of positive energy
MPRegen 0.15/turn                x - ring of flight

@: mighty, flying
A: claws 1, yellow scales 1, demonic guardian 1, demonic magic 2
a: Renounce Religion, Recall Undead Harvest


You were in a bailey.
You worshipped Yredelemnul.
Yredelemnul was aware of your devotion.
You visited 1 branch of the dungeon, and saw 9 of its levels.
You also visited: Bailey.

You collected 680 gold pieces.
You spent 60 gold pieces at shops.

Inventory:

Hand Weapons
 a - a +0 trident
 m - a +4 hand axe of flaming (weapon)
Missiles
 B - 4 curare-tipped darts (quivered)
Armour
 n - a +0 chain mail (worn)
 s - a +2 buckler (worn)
Jewellery
 c - a ring of see invisible
 r - a ring of positive energy (left claw)
 x - a ring of flight (right claw)
 A - a ring of ice
Wands
 p - a wand of charming (8)
 D - a wand of flame (17)
 E - a wand of quicksilver (6)
Scrolls
 f - a scroll of fear {unknown}
 i - a scroll of poison {unknown}
 k - 3 scrolls of magic mapping
 l - 2 scrolls of immolation {unknown}
 o - 2 scrolls of butterflies {unknown}
 u - a scroll of enchant armour {unknown}
 v - a scroll of teleportation
 w - 3 scrolls of silence {unknown}
 y - 2 scrolls of amnesia
 z - a scroll of noise {unknown}
 F - a scroll of summoning {unknown}
Potions
 b - a potion of heal wounds {unknown}
 d - 3 potions of might
 e - 2 potions of curing
 g - a potion of attraction
 h - 4 potions of brilliance
 j - a potion of magic {unknown}
 q - a potion of invisibility {unknown}
 t - 4 potions of mutation
 C - a potion of haste {unknown}


   Skills:
 + Level 8.1 Fighting
 * Level 9.9 Polearms
 - Level 2.6 Armour
 - Level 5.0 Shields
 + Level 8.3 Invocations


You had 7 spell levels left.
You knew the following spells:

 Your Spells              Type           Power      Damage    Failure   Level
a - Blink                 Tloc           0%         N/A       100%        2

Your spell library contained the following spells:

 Spells                   Type           Power      Damage    Failure   Level
 Slow                     Hex            0%         N/A       99%         1
 Sting                    Tmut/Pois      0%         1d3       99%         1
 Ensorcelled Hibernation  Hex/Ice        0%         N/A       100%        2
 Momentum Strike          Conj/Tloc      0%         3d8       100%        2
 Poisonous Vapours        Pois/Air       0%         N/A       100%        2
 Confusing Touch          Hex            0%         N/A       100%        3
 Lesser Beckoning         Tloc           0%         N/A       100%        3
 Spider Form              Tmut/Pois      0%         N/A       100%        3
 Vampiric Draining        Necr           0%         2d6       100%        3
 Anguish                  Hex/Necr       0%         N/A       100%        4
 Olgreb's Toxic Radiance  Pois           0%         N/A       100%        4


Dungeon Overview and Level Annotations

Branches:
Dungeon (9/15)             Temple (0/1) D:7          Bailey (1/1)
   Lair: D:8-11         Orc: D:9-12

Altars:
Ashenzari
Cheibriados
Dithmenos
Gozag
Hepliaklqana
Kikubaaqudgha
Nemelex Xobeh
Qazlal
Sif Muna
Uskayaw
Yredelemnul

Shops:
D:1 *


Innate Abilities, Weirdness & Mutations

You have sharp fingernails.
You are partially covered in yellow scales. (AC +2)
A weak demonic guardian rushes to your aid.
Spells you cast may paralyse nearby enemies.


Message History

The orc warrior closely misses you.
Your shadow wraith hits the orc warrior but does no damage.
You block the orc's attack.
The orc warrior hits you from afar with a +0 glaive!
* * * LOW HITPOINT WARNING * * *
You slash the orc warrior! You burn the orc warrior.
The orc warrior is heavily wounded.
A javelin appears from out of your range of vision.
The javelin pierces through your hellwing!
Your orc zombie hits the orc warrior but does no damage. x2
Your hellwing hits the orc warrior!
Your hellwing closely misses the orc warrior.
A javelin appears from out of your range of vision.
The javelin pierces through your hellwing but does no damage.
The orc warrior hits you with a +0 halberd.
* * * LOW HITPOINT WARNING * * *
The orc hits you but does no damage.
Your shadow wraith hits the orc warrior.
Your orc zombie hits the orc warrior but does no damage.
The orc warrior hits you from afar with a +0 glaive!
* * * LOW HITPOINT WARNING * * *
Okay, then.
Okay, then.
You feel better.
The centaur throws a javelin.
The javelin pierces through your orc zombie.
The javelin closely misses the orc warrior.
The javelin pierces through you!
* * * LOW HITPOINT WARNING * * *
A javelin appears from out of your range of vision.
The javelin pierces through your orc zombie!
Your orc zombie is destroyed!
A javelin appears from out of your range of vision.
The javelin pierces through your hellwing!
Your orc zombie closely misses the orc warrior.
Your hellwing hits the orc warrior.
Your hellwing closely misses the orc warrior.
You block the orc's attack.
The orc warrior hits you from afar with a +0 glaive!
You die...
Your body rises from the dead as a mindless zombie.

##...).................##
##....).Z............##
#########'''#########
#...# ≈≈≈≈≈ ≈≈ #...#
≈≈≈≈≈ ≈≈≈≈ #...#.≈≈≈≈≈
≈≈..≈#..)#≈..≈≈≈
≈..≈≈≈)oZZZ≈≈≈c.≈
.≈≈≈..oo.@o..≈≈≈.
.≈....4≈≈≈W)...≈.
≈≈.⌠..≈≈≈≈≈..⌠.≈≈
≈.....≈≈≈≈≈.....≈
≈....≈≈~~~≈≈....≈
.....≈~≈~≈~≈.....
....≈~≈?≈~≈.....
...≈~≈}≈~≈.....


You could see 2 orc warriors, a centaur, 2 orcs, a friendly shadow wraith
(summoned, invisible), a friendly hellwing (summoned) and 3 friendly orc
zombies.

Vanquished Creatures
  Joseph (D:7)
  A kobold demonologist (D:6)
  A hornet (D:8)
  A shadow (D:8)
  5 yaks
  A water moccasin (D:4)
  A black bear (D:7)
  A sky beast (D:6)
  An orc warrior (Bailey)
  An ogre (D:6)
  5 centaurs
  A phantom (D:5)
  A kobold brigand (D:6)
  A gnoll sergeant (D:7)
  4 bullfrogs
  2 scorpions
  3 necrophages
  A killer bee (D:8)
  A howler monkey (D:8)
  A bullfrog zombie (D:6)
  A human zombie (D:6)
  3 orc priests
  A hound (D:4)
  4 jellies
  An iron imp (D:7)
  2 iguanas
  7 orc wizards
  Terence (D:2)
  5 mummies (D:6)
  2 howler monkey zombies (D:6)
  5 adders
  6 gnolls (D:7)
  2 white imps
  2 dart slugs
  4 worms
  50 orcs
  7 ball pythons
  12 endoplasms
  A giant cockroach (D:3)
  9 goblins
  8 hobgoblins
  3 jackals (D:1)
  12 kobolds
  6 quokkas
  10 bats
  4 frilled lizards
  5 rats
207 creatures vanquished.

Vanquished Creatures (collateral kills)
  An orc warrior (Bailey)
  An ogre (D:6)
  A centaur (D:8)
  A necrophage (D:5)
  A centaur zombie (D:6)
  An orc priest (D:5)
  An iguana (D:7)
  A gnoll (D:7)
  A white imp (D:7)
  A dart slug (D:4)
  7 orcs
17 creatures vanquished.

Vanquished Creatures (others)
  A sky beast (D:6)
  An orc warrior (Bailey)
  A yak zombie (D:8)
  2 bullfrog zombies
  3 centaur zombies
  An orc wizard (D:4)
  A sky beast zombie (D:6)
  An ogre zombie (D:6)
  A hound zombie (D:4)
  2 adder zombies
  A jelly zombie (D:6)
  4 gnoll zombies (D:7)
  A ball python zombie (D:4)
  6 kobold zombies (D:6)
  17 orc zombies
  A quokka zombie (D:4)
44 creatures vanquished.

Grand Total: 268 creatures vanquished

Notes
Turn   | Place    | Note
-------+----------+-------------------------------------------
     0 | D:1      | Bnni the Demonspawn Fighter began the quest for the Orb.
     0 | D:1      | Reached XP level 1. HP: 18/18 MP: 1/1
    85 | D:1      | Reached skill level 2 in Polearms
   144 | D:1      | Found a faded altar of an unknown god.
   154 | D:1      | Gained mutation: You are partially covered in yellow
                  | scales. (AC +2) [demonic ancestry]
   154 | D:1      | Reached XP level 2. HP: 7/24 MP: 2/2
   378 | D:1      | Found Gimpinao's Assorted Antiques.
   390 | D:1      | Gained mutation: You have sharp fingernails. [demonic
                  | ancestry]
   390 | D:1      | Reached XP level 3. HP: 27/29 MP: 3/3
   414 | D:1      | Bought a scroll labelled HUYSAPS JUYSOI for 22 gold pieces
   414 | D:1      | Bought a black potion for 19 gold pieces
   414 | D:1      | Bought an amethyst potion for 19 gold pieces
   675 | D:2      | Found a sparkling altar of Nemelex Xobeh.
  1021 | D:2      | Noticed Terence
  1030 | D:2      | Killed Terence
  1031 | D:2      | Reached skill level 3 in Polearms
  1031 | D:2      | Reached XP level 4. HP: 17/35 MP: 4/4
  2008 | D:3      | Reached XP level 5. HP: 9/42 MP: 5/5
  2131 | D:3      | Found a stormy altar of Qazlal.
  2160 | D:3      | Found a shimmering blue altar of Sif Muna.
  2432 | D:3      | Found a basalt altar of Yredelemnul.
  2436 | D:3      | Became a worshipper of Yredelemnul the Dark
  2690 | D:4      | Reached * piety under Yredelemnul
  2758 | D:4      | Found a broken altar of Ashenzari.
  2762 | D:4      | Saw a vision of the Swamp and the Spider Nest.
  2762 | D:4      | Noticed an eleionoma
  2762 | D:4      | Noticed a swamp drake
  2762 | D:4      | Noticed a spriggan druid
  2762 | D:4      | Noticed an entropy weaver
  2762 | D:4      | Noticed a tarantella
  2762 | D:4      | Noticed a culicivora
  2762 | D:4      | Noticed a tarantella
  2762 | D:4      | Noticed a tarantella
  2762 | D:4      | Noticed a demonic crawler
  2762 | D:4      | Noticed a redback
  2762 | D:4      | Noticed a radroach
  2762 | D:4      | Noticed a spark wasp
  2762 | D:4      | Noticed a jumping spider
  2762 | D:4      | Noticed a jumping spider
  2763 | D:4      | Noticed a torpor snail
  2764 | D:4      | Noticed a jumping spider
  2764 | D:4      | Noticed a tarantella
  2767 | D:4      | Noticed a moth of wrath
  2770 | D:4      | Noticed a torpor snail
  2872 | D:4      | Reached skill level 4 in Polearms
  2955 | D:4      | Reached ** piety under Yredelemnul
  3127 | D:4      | Reached XP level 6. HP: 36/48 MP: 6/6
  3340 | D:4      | Noticed a water moccasin
  3352 | D:4      | Killed a water moccasin
  3353 | D:4      | Reached skill level 5 in Polearms
  3383 | D:4      | Gained mutation: A weak demonic guardian rushes to your
                  | aid. [demonic ancestry]
  3383 | D:4      | Reached XP level 7. HP: 54/55 MP: 7/7
  3624 | D:5      | Entered Level 5 of the Dungeon
  3973 | D:5      | Reached skill level 1 in Invocations
  4079 | D:5      | Reached skill level 5 in Fighting
  4676 | D:6      | Reached skill level 6 in Polearms
  4767 | D:6      | Gained mutation: Spells you cast may paralyse adjacent
                  | enemies. [demonic ancestry]
  4767 | D:6      | Reached XP level 8. HP: 63/63 MP: 10/10
  4984 | D:6      | Reached skill level 5 in Shields
  5404 | D:6      | Noticed a kobold demonologist
  5426 | D:6      | Noticed a soul eater
  5426 | D:6      | Killed a kobold demonologist
  5427 | D:6      | Reached skill level 7 in Polearms
  5564 | D:6      | Reached skill level 5 in Invocations
  5573 | D:6      | Found an ancient bone altar of Kikubaaqudgha.
  5886 | D:7      | Noticed Joseph
  5910 | D:7      | Killed Joseph
  5911 | D:7      | Reached skill level 8 in Polearms
  5911 | D:7      | Reached XP level 9. HP: 60/71 MP: 11/13
  6329 | D:7      | Found a hazy altar of Hepliaklqana.
  6332 | D:7      | Found a hide-covered altar of Uskayaw.
  6446 | D:7      | Found a staircase to the Ecumenical Temple.
  6556 | D:7      | Found a snail-covered altar of Cheibriados.
  6660 | D:7      | Found an opulent altar of Gozag.
  6663 | D:7      | Found a shadowy altar of Dithmenos.
  7200 | D:7      | Reached skill level 9 in Polearms
  7784 | D:8      | Gained mutation: Spells you cast may paralyse nearby
                  | enemies. [demonic ancestry]
  7784 | D:8      | Reached XP level 10. HP: 77/80 MP: 15/15
  7809 | D:8      | Learned a level 2 spell: Blink
  7839 | D:8      | Paralysed by a hornet for 1 turns
  7852 | D:8      | Paralysed by a hornet for 1 turns
  8458 | D:9      | Found a flagged portal.
  8653 | Bailey   | Entered a bailey
  9054 | Bailey   | Slain by an orc warrior

Illustrated notes

Levels and vault maps discovered:
D:1:      dpeg_arrival_boxes_within_box, layout_rooms,
          hellmonk_ecumenical_altar_dog_temple, serial_shops, shop_coins
D:2:      layout_basic, basic_altar, minmay_tromino_v4_b, uniq_terence
D:3:      layout_loops_ring, lemuel_crystal_altar,
          nicolae_sif_muna_little_library, mainiacjoe_overflow_24_doors,
          serial_bayou_pond_e, minmay_misc_feat_hallway
D:4:      layout_loops_ring, grunt_ashenzari_visionary
          [grunt_ashenzari_visionary_swamp, grunt_ashenzari_visionary_spider],
          minmay_strange_pillars, chequers_serial_rivers_micro_c,
          minmay_starry_boxes
D:5:      layout_loops_corners
D:6:      layout_loops_ring, lemuel_mausoleum_altar_kikubaaqudgha,
          minmay_circle_x
D:7:      layout_basic, dreamdust_divine_triumvirate, slow_altar_2,
          grunt_temple_overflow_open, minmay_temple_entry_crystal_x,
          kennysheep_generic_room_13, uniq_joseph
D:8:      layout_loops_ring
D:9:      layout_long_grid, enter_bailey_2, minivault_22
Bailey:   bailey_polearm_flooded_kennysheep, bailey

Skill      XL: |  1  2  3  4  5  6  7  8  9 10 |
---------------+-------------------------------+-----
Polearms       | 2 3 4 5 6 8 9 |  9.9
Shields        | 3 4 5 |  5.0
Fighting       | 4 5 6 7 8 |  8.1
Invocations    | 2 5 7 8 |  8.3
Armour         | |  2.6

Action                   |  1- 3 |  4- 6 |  7- 9 | 10-12 || total
-------------------------+-------+-------+-------+-------++-------
Melee: Trident           |   133 |    18 |    41 |    56 ||   248
       Hand axe          |       |   123 |   342 |    50 ||   515
Throw: Dart              |       |       |    11 |     7 ||    18
Invok: Recall Undead Har |       |     1 |       |     2 ||     3
       Dark Bargain      |       |       |     3 |     2 ||     5
  Use: Scroll            |     4 |     3 |     2 |     1 ||    10
       Potion            |       |       |     2 |     4 ||     6
 Stab: Distracted        |       |     1 |     1 |     1 ||     3
Armor: Scale mail        |    58 |       |       |       ||    58
       Chain mail        |       |    65 |   139 |    31 ||   235
Dodge: Dodged            |    61 |    42 |    84 |    48 ||   235
Block: Buckler           |    33 |    33 |   127 |    28 ||   221

Table legend: (Time is in decaauts)
 A = Elapsed time spent in this place.
 B = Non-inter-level travel time spent in this place.
 C = Inter-level travel time spent in this place.
 D = Time resting spent in this place.
 E = Time spent auto-exploring this place.
 F = Levels seen in this place.
 G = Mean time per level.
                   A        B        C        D        E       F      G
               +--------+--------+--------+--------+--------+-----+--------+
         Total |   9148 |   8941 |    207 |   1073 |   6012 |  10 |  914.8 |
       Dungeon |   8753 |   8546 |    207 |   1073 |   5848 |   9 |  972.6 |
        Bailey |    394 |    394 |      0 |      0 |    164 |   1 |  394.0 |
               +--------+--------+--------+--------+--------+-----+--------+

Top non-repeatable levels by time:
     D:7: 1582 daAuts
     D:6: 1168 daAuts
     D:8: 1094 daAuts
     D:2: 1030 daAuts
     D:4: 1016 daAuts
     D:5: 996 daAuts
     D:3: 969 daAuts
     D:1: 666 daAuts
  Bailey: 394 daAuts
     D:9: 229 daAuts
